 Dungeon Crawl Stone Soup version 0.21-a0-404-g291f19a (webtiles) character file.

68 Insomnius the Sneak (level 4, -5/33 HPs)
             Began as a Vampire Assassin on Oct 30, 2017.
             Slain by a gnoll
             ... wielding a +0 spear
              (11 damage)
             ... on level 2 of the Dungeon.
             The game lasted 00:07:04 (1639 turns).

Insomnius the Sneak (Vampire Assassin)              Turns: 1639, Time: 00:07:04

Health: -5/33      AC:  3    Str: 10    XL:     4   Next: 1%
Magic:  4/4        EV: 13    Int: 13    God:
Gold:   105        SH:  0    Dex: 16    Spells: 3/3 levels left

rFire    . . .     SeeInvis +   a - +2 dagger
rCold    + . .     Gourm    .   (no shield)
rNeg     + + .     Faith    .   m - +0 robe
rPois    +         Spirit   .   (no helmet)
rElec    .         Reflect  .   d - +0 cloak
rCorr    .         Harm     .   (no gloves)
MR       .....                  (no boots)
Stlth    ++++......             (no amulet)
HPRegen  0.05/turn              (no ring)
MPRegen  0.09/turn              (no ring)

@: regenerating slowly
A: fangs 3, see invisible, unbreathing
a: Bat Form


You were on level 2 of the Dungeon.
You were thirsty.

You visited 1 branch of the dungeon, and saw 2 of its levels.

You collected 105 gold pieces.

Inventory:

Hand Weapons
 a - a +2 dagger (weapon)
 b - a +0 blowgun
Missiles
 e - 8 poisoned needles
 f - 2 curare-tipped needles
Armour
 d - a +0 cloak (worn)
 m - a +0 robe (worn)
Jewellery
 c - an uncursed ring of fire {unknown}
 o - an uncursed ring of positive energy {unknown}
Scrolls
 h - a scroll of identify {unknown}
 i - 3 scrolls of teleportation {unknown}
 j - 3 scrolls of remove curse {unknown}
Potions
 g - 16 potions of blood
 k - 2 potions of brilliance {unknown}
 l - a potion of ambrosia {unknown}
 n - a potion of curing {unknown}


   Skills:
 - Level 1.7 Fighting
 * Level 3.7 Short Blades
 - Level 1.5 Throwing
 + Level 2.3 Dodging
 + Level 6.5 Stealth


You had 3 spell levels left.
You didn't know any spells.

Dungeon Overview and Level Annotations

Branches:
Dungeon (2/15)

Altars:


Innate Abilities, Weirdness & Mutations

You heal slowly.
You have razor-sharp teeth.
You have supernaturally acute eyesight. (SInv)
You can survive without breathing.


Message History

The gnoll misses you. x2
You hit the gnoll.
The gnoll is severely wounded.
The gnoll hits you from afar with a spear.
You hit the gnoll but do no damage.
The gnoll is severely wounded.
The gnoll closely misses you.
The gnoll hits you from afar with a spear.
You hit the gnoll. You bite the gnoll.
You kill the gnoll!
You have reached level 4!
The gnoll hits you with a spear.
Things that are here:
a club x2
You barely miss the gnoll. The gnoll hits you with a spear.
* * * LOW HITPOINT WARNING * * *
You closely miss the gnoll.
You are feeling thirsty.
The gnoll hits you with a spear!
You die...

#.# .#### #.# ...
#.# ...######.#
...#......# #
#.##......# .#
#.##......#######..#
#.##...........@g.#
##.##.....####.#####
......#.### #.#
.#.##.#.# #.#
.#.##.#.# #..
.......... ###
..###.#### ......#
.......


You could see a gnoll.

Vanquished Creatures
  2 gnolls (D:2)
  A worm (D:2)
  2 dart slugs (D:1)
  2 leopard geckos (D:1)
  A ball python (D:1)
  3 bats (D:2)
  A giant cockroach (D:1)
  5 goblins
  5 hobgoblins
  4 jackals
  3 kobolds
  2 frilled lizards (D:2)
  6 rats
37 creatures vanquished.

Notes
Turn   | Place    | Note
-------+----------+-------------------------------------------
     0 | D:1      | Insomnius the Vampire Assassin began the quest for the Orb.
     0 | D:1      | Reached XP level 1. HP: 16/16 MP: 1/1
    27 | D:1      | Reached skill level 6 in Stealth
    42 | D:1      | Reached XP level 2. HP: 22/22 MP: 2/2
   857 | D:1      | Reached XP level 3. HP: 26/27 MP: 3/3
  1636 | D:2      | Reached XP level 4. HP: 14/33 MP: 4/4
  1639 | D:2      | Slain by a gnoll

Vault maps used:
D:1:      dpeg_arrival_tiny_i, grunt_decor_arrowhead
D:2:      chequers_ecumenical_altar_simple, first_bread

Skill      XL: |  1  2  3 |
---------------+----------+-----
Stealth        | 6 |  6.5
Short Blades   | 3 |  3.7
Dodging        | 2 |  2.3
Fighting       | |  1.7
Throwing       | |  1.5

Action                   |  1- 3 |  4- 6 || total
-------------------------+-------+-------++-------
Melee: Dagger            |   130 |     2 ||   132
       Bite              |    16 |       ||    16
  Use: Potion            |     1 |       ||     1
 Stab: Sleeping          |     5 |       ||     5
Armor: Robe              |    18 |       ||    18
Dodge: Dodged            |    61 |       ||    61

Table legend:
 A = Spawn XP
 B = Non-spawn XP
 C = Spawn XP percentage of total XP
 D = Spawn monster count
 E = Non-spawn monster count
 F = Spawn count percentage of total count
 G = Total turns spent on level
                    A         B        C        D         E        F      G
               +---------+---------+-------+---------+---------+-------+---------
         Total |       0 |      98 |   0.0 |       0 |      37 |   0.0 |  1639
               +---------+---------+-------+---------+---------+-------+---------
           D:1 |       0 |      42 |   0.0 |       0 |      20 |   0.0 |   955
           D:2 |       0 |      56 |   0.0 |       0 |      17 |   0.0 |   684
               +---------+---------+-------+---------+---------+-------+---------
